Map: Abiogenesis LE

Players

axu - Winner!

  • Race: Protoss Protoss
  • League: Platinum
  • Spawn Location: 11:00

A.I. 1 (Easy)

  • Race: Zerg Zerg
  • Spawn Location: 5:00

VOD

Have the link to the VOD?

Description

Time

  • Played on: March 21, 2018, 12:58 p.m.
  • Length: 17:18
Show
View Real Time Build Order
Export as new Build Order

axu Protoss - Winner!

Build Orders:  

Get SALT Encoding   

  12  0:01  Probe  
  13  0:17  Probe  
  14  0:29  Probe  
  14  0:33  Pylon  
  15  0:51  Probe  
  15  0:53  Gateway  
  16  1:04  Probe (Chrono Boost)  
  17  1:07  Assimilator  
  17  1:15  Probe (Chrono Boost)  
  18  1:20  Probe (Chrono Boost)  
  19  1:30  Probe  
  20  1:45  Nexus  
  19  1:57  Cybernetics Core  
  19  2:02  Gateway  
  19  3:40  Probe x2  
  21  3:52  Probe (Chrono Boost)  
  21  3:54  Assimilator  
  23  3:56  Probe (Chrono Boost)  
  23  4:04  Probe (Chrono Boost)  
  23  4:08  Probe (Chrono Boost)  
  25  4:14  Probe (Chrono Boost)  
  25  4:15  Probe (Chrono Boost)  
  27  4:20  Probe  
  28  4:26  Warp Gate (Chrono Boost)  
  28  4:27  Adept x2  
  32  4:33  Pylon  
  32  4:36  Assimilator  
  32  4:38  Probe x2 (Chrono Boost)  
  34  4:40  Assimilator  
  34  4:48  Probe x2 (Chrono Boost)  
  36  4:53  Stargate  
  36  5:03  Probe (Chrono Boost)  
  36  5:04  Shield Battery, Probe (Chrono Boost)  
  38  5:14  Probe x2 (Chrono Boost)  
  40  5:18  Probe x2 (Chrono Boost)  
  40  5:19  Adept x2  
  46  5:24  Pylon  
  46  5:28  Pylon  
  46  5:32  Pylon  
  46  5:41  Pylon  
  46  5:43  Pylon  
  46  5:44  Probe x2  
  48  5:56  Oracle (Chrono Boost), Probe x2  
  53  6:08  Probe x2  
  55  6:14  Nexus  
  55  6:15  Pylon  
  55  6:18  Pylon  
  55  6:20  Probe x2  
  55  6:21  Assimilator  
  55  6:23  Oracle (Chrono Boost)  
  57  6:25  Assimilator  
  57  6:31  Gateway x2  
  60  6:33  Gateway  
  60  6:35  Gateway  
  60  6:37  Gateway  
  60  6:39  Gateway  
  60  6:41  Gateway, Twilight Council  
  60  6:47  Robotics Facility  
  60  6:48  Stalker  
  60  6:49  Stalker  
  64  7:29  Blink (Chrono Boost)  
  64  8:21  Probe x2  
  64  8:22  Probe  
  67  8:33  Probe x2  
  67  8:34  Probe  
  70  8:38  Immortal  
  70  8:39  Stalker x3  
  70  8:40  Stalker  
  70  8:41  Stalker x2  
  86  8:42  Stalker x2  
  86  8:43  Stalker  
  92  8:55  Probe  
  92  8:56  Probe x2  
  95  9:03  Robotics Facility, Templar Archives  
  95  9:08  Probe x2 (Chrono Boost), Pylon  
  98  9:10  Probe (Chrono Boost), Pylon  
  98  9:15  Pylon  
  98  9:20  Probe x2 (Chrono Boost)  
  98  9:21  Probe (Chrono Boost)  
  98  9:22  Stalker  
  103  9:24  Stalker  
  103  9:25  Stalker x2  
  103  9:26  Stalker x3  
  103  9:27  Stalker x2  
  119  9:34  Immortal (Chrono Boost)  
  123  9:39  Forge  
  123  9:40  Forge  
  123  9:42  Forge  
  123  9:43  Psionic Storm  
  123  9:51  Stalker  
  125  9:57  Immortal (Chrono Boost)  
  128  10:10  Immortal (Chrono Boost)  
  132  10:20  Protoss Ground Weapons Level 1 (Chrono Boost)  
  132  10:21  Protoss Ground Armor Level 1 (Chrono Boost)  
  132  10:22  Protoss Shields Level 1 (Chrono Boost)  
  132  10:29  Observer  
  132  10:32  Nexus  
  132  10:33  Pylon  
  132  10:35  Pylon  
  133  10:38  Pylon  
  133  10:39  Assimilator  
  134  10:43  Observer, Pylon  
  134  10:44  Assimilator, Pylon  
  134  10:46  Pylon  
  134  10:49  Pylon x2  
  134  10:50  Gateway  
  134  10:51  Gateway, Pylon  
  134  10:55  Gateway  
  134  10:57  Gateway x2  
  134  11:26  Immortal  
  134  11:27  Immortal  
  142  11:33  Sentry x3  
  142  11:34  Sentry x3  
  151  12:42  High Templar  
  151  12:43  Shield Battery, High Templar  
  151  12:44  High Templar x5  
  157  12:45  High Templar x4  
  157  12:46  High Templar x3  
  157  12:48  Shield Battery  
  157  12:50  Shield Battery  
  179  12:52  Shield Battery  
  179  12:56  Shield Battery  
  179  12:57  Shield Battery  
  179  13:00  Archon x3, Shield Battery  
  179  13:21  Robotics Bay  
  179  13:50  Probe  
  179  13:51  Probe x2  
  183  14:03  Probe x3  
  183  14:08  Protoss Ground Armor Level 2 (Chrono Boost), Protoss Shields Level 2 (Chrono Boost), Stargate, Protoss Ground Weapons Level 2 (Chrono Boost)  
  186  14:10  Stargate  
  186  14:12  Stargate, Probe  
  186  14:13  Stargate  
  186  14:20  Nexus  
  186  14:21  Stargate  
  186  14:23  Pylon  
  186  14:24  Probe  
  186  14:25  Pylon  
  186  14:28  Pylon  
  186  14:30  Assimilator, Probe x2  
  189  14:34  High Templar  
  189  14:35  Assimilator, High Templar x4  
  199  14:39  Archon x2  
Show
View Real Time Build Order
Export as new Build Order

A.I. 1 (Easy) Zerg 

Build Orders: Pool First 

Get SALT Encoding   

  12  0:00  Drone  
  13  0:12  Overlord  
  13  0:16  Drone  
  14  0:31  Drone  
  14  0:35  Drone  
  16  0:42  Spawning Pool  
  15  0:45  Drone  
  15  0:47  Extractor  
  15  0:51  Drone  
  16  0:58  Overlord  
  16  1:31  Queen, Zergling x2  
  19  1:33  Roach Warren  
  19  1:34  Drone, Extractor  
  18  1:41  Drone  
  18  1:43  Zergling x2  
  20  1:55  Zergling x2  
  21  2:07  Zergling x2  
  22  2:13  Overlord  
  22  2:24  Zergling x2  
  23  2:36  Drone  
  24  2:37  Zergling x2  
  24  2:40  Drone  
  26  2:44  Drone  
  26  2:49  Drone  
  28  2:57  Overlord  
  28  3:08  Drone  
  28  3:09  Roach  
  28  3:12  Drone  
  32  3:21  Roach  
  34  6:48  Overlord, Lair, Drone  
  34  6:52  Drone  
  36  6:56  Hatchery, Drone  
  36  7:00  Drone  
  35  7:26  Zergling x2  
  27  7:45  Overseer x2, Zergling x2  
  27  7:46  Infestation Pit  
  27  7:47  Drone  
  27  7:48  Hydralisk Den  
  22  7:51  Drone  
  22  7:55  Drone  
  20  8:00  Drone  
  20  8:04  Drone  
  20  8:05  Roach  
  22  8:09  Drone  
  23  8:13  Drone  
  23  8:15  Extractor  
  23  8:17  Drone  
  24  8:21  Extractor  
  24  8:22  Drone  
  24  8:24  Roach  
  24  8:26  Drone  
  27  8:30  Drone  
  28  8:35  Drone  
  28  8:39  Drone  
  30  8:43  Drone  
  30  8:44  Zergling x2  
  30  8:47  Drone  
  33  8:52  Drone  
  34  8:56  Drone  
  34  9:00  Drone  
  34  9:02  Hydralisk  
  36  9:05  Drone  
  36  9:09  Drone  
  40  9:13  Drone  
  41  9:17  Drone  
  41  9:22  Infestor, Drone  
  45  9:26  Drone  
  45  9:30  Drone  
  47  9:35  Drone  
  48  9:39  Drone  
  48  9:41  Hydralisk  
  48  9:43  Drone  
  52  9:48  Drone  
  52  9:49  Overlord  
  52  9:52  Drone  
  54  9:56  Drone  
  55  10:01  Drone  
  55  10:05  Drone  
  57  10:09  Drone  
  57  10:14  Drone  
  59  10:18  Drone  
  60  11:44  Drone  
  54  11:48  Drone  
  54  11:51  Pneumatized Carapace  
  54  11:52  Overlord  
  54  11:53  Overlord, Drone  
  51  11:57  Evolution Chamber  
  51  11:58  Drone, Overseer  
  51  12:02  Drone  
  51  12:06  Drone  
  43  12:11  Drone  
  43  12:15  Drone  
  35  12:20  Drone  
  32  12:23  Zerg Melee Weapons Level 1  
  32  12:24  Drone  
  32  12:28  Drone  
  33  12:30  Zergling x2  
  33  12:33  Drone  
  33  12:34  Hive  
  24  12:37  Drone  
  24  12:41  Drone  
  24  12:42  Overseer  
  26  12:45  Drone  
  26  12:50  Drone  
  26  12:53  Hydralisk  
  26  12:54  Drone  
  29  12:58  Drone  
  29  13:03  Drone  
  30  13:07  Drone  
  30  13:11  Hatchery  
  31  13:12  Drone  
  31  13:16  Hydralisk  
  31  13:17  Drone  
  34  13:21  Drone  
  35  13:30  Drone  
  36  13:40  Drone  
  37  13:50  Ultralisk Cavern  
  37  13:51  Drone  
  37  13:55  Drone  
  37  14:00  Drone  
  39  14:04  Drone  
  39  14:08  Drone  
  41  14:17  Zerg Ground Armor Level 1, Drone  
  42  14:21  Drone  
  43  14:25  Drone  
  43  14:29  Drone  
  45  14:37  Ultralisk  
  51  15:00  Ultralisk  
  52  15:07  Overlord, Overseer  
  52  15:24  Zergling x2  
  52  15:26  Overlord  
  47  15:33  Drone  
  41  15:38  Hatchery, Drone, Zergling x2  
  41  15:42  Drone  
  28  15:51  Overlord, Drone, Overseer  
  28  15:53  Roach, Overseer  
  28  15:55  Drone  
  25  16:02  Drone  
  25  16:10  Overseer  
  25  16:12  Zergling x2  
  23  16:24  Hatchery  
  6  16:27  Drone  
    16:49  Drone  
Tags
 
League
Platinum
Matchup
PvZ
Opening
Pool First
Spawn Locations
Cross Positions
Add a new tag
Caveats
  • Supply blocks, unpowered buildings, or Contaminate may cause inaccurate times.
  • Supply counts are checked every 10 seconds.